 Dungeon Crawl Stone Soup version 0.31.0-11-ge490571c62 (webtiles) character file.

Game seed: 12918420286193502678

116 hikkokomori the Shield-Bearer (level 5, -1/41 (42) HPs)
             Began as a Formicid Fighter on Feb 1, 2024.
             Slain by an orc wizard
             ... wielding a +1 dagger of venom
              (3 damage)
             ... on level 3 of the Dungeon.
             The game lasted 00:04:07 (1964 turns).

hikkokomori the Shield-Bearer (Formicid Fighter)    Turns: 1964, Time: 00:04:08

HP:   -1/41 (42)    AC:  8    Str: 23    XL:     5   Next: 21%
MP:   5/5           EV:  9    Int:  7    God:
Gold: 111           SH:  5    Dex: 13    Spells: 4/4 levels left

rFire   . . .        a - +0 war axe
rCold   . . .        c - +0 buckler
rNeg    . . .        b - +0 scale mail
rPois   .            (helmet unavailable)
rElec   .            (no cloak)
rCorr   .            s - +0 pair of gloves
SInv    +            (no boots)
Will    +....        (no amulet) Stlth
                     o - ring of willpower
HPRegen 0.26/turn    (no ring)
MPRegen 0.09/turn

%: no passive effects
@: mighty, lethally poisoned (-1 -> -4), lightly drained
A: permanent stasis, dig shafts and tunnels, antennae 3, four strong arms
a: Dig, Shaft Self


You were on level 3 of the Dungeon.
You visited 1 branch of the dungeon, and saw 3 of its levels.

You collected 111 gold pieces.

Inventory:

Hand Weapons
 a - a +0 war axe (weapon)
Armour
 b - a +0 scale mail (worn)
 c - a +0 buckler (worn)
 s - a +0 pair of gloves (worn)
Jewellery
 o - a ring of willpower (left hand)
Talismans
 g - a serpent talisman
 k - a granite talisman
Wands
 p - a wand of polymorph (7)
Scrolls
 f - a scroll of poison {unknown}
 h - 3 scrolls of identify {unknown}
 i - 3 scrolls of vulnerability {unknown}
 j - 2 scrolls of amnesia {unknown}
 m - a scroll of enchant armour {unknown}
 n - a scroll of silence {unknown}
 t - a scroll of teleportation {unknown}
Potions
 d - a potion of might
 e - a potion of curing {unknown}
 l - a potion of degeneration {unknown}
 q - a potion of resistance {unknown}
 r - a potion of attraction {unknown}


   Skills:
 + Level 4.1 Fighting
 + Level 3.0 Axes
 - Level 3.7 Armour
 + Level 5.0 Shields
 + Level 0.8 Evocations
 - Level 1.0 Shapeshifting


You had 4 spell levels left.
You didn't know any spells.
Your spell library contained the following spells:

 Spells                   Type           Power      Damage    Failure   Level
 Hailstorm                Conj/Ice       0%         3d5       99%         3
 Summon Ice Beast         Ice/Summ       0%         N/A       99%         3
 Sculpt Simulacrum        Ice/Alch       0%         N/A       100%        6


Dungeon Overview and Level Annotations

Branches:
Dungeon (3/15)

Altars:

Shops:
D:1 =   D:2 :[*:


Innate Abilities, Weirdness & Mutations

You cannot be hasted, slowed, berserked, paralysed or teleported.
You can dig through walls and to a lower floor.
You have a pair of large antennae on your head. (SInv)
Your four strong arms can wield two-handed weapons with a shield.


Message History

You closely miss the adder. The adder bites you but does no damage.
The adder closely misses you.
You barely miss the adder. You block the adder's attack.
The adder closely misses you.
You completely miss the adder. You block the adder's attack.
You feel very mighty all of a sudden. The adder bites you but does no damage.
The adder completely misses you.
You barely miss the adder. The adder barely misses you.
You barely miss the adder.
The adder bites you but does no damage. x2
You barely miss the adder. The adder bites you but does no damage.
The adder bites you.
You closely miss the adder. The adder barely misses you.
The adder bites you but does no damage.
You miss the adder. The adder misses you.
You barely miss the adder. The adder bites you. You block the adder's attack.
You miss the adder. The adder bites you. You block the adder's attack.
You miss the adder. The adder bites you but does no damage.
The adder bites you.
You barely miss the adder. The adder closely misses you.
You slice the adder!!
You kill the adder!
The orc wizard hits you but does no damage.
You are poisoned.
Your Shields skill increases to level 5!
You barely miss the orc wizard.
The orc wizard is lightly wounded.
You feel very sick. You block the orc wizard's attack.
You closely miss the orc wizard.
The orc wizard is lightly wounded.
You feel sick.
The orc wizard gestures at you while chanting.
The magic dart hits you!
* * * LOW HITPOINT WARNING * * *
You closely miss the orc wizard.
The orc wizard is lightly wounded.
* * * LOW HITPOINT WARNING * * *
You feel sick. You block the orc wizard's attack.
The orc wizard hits you with a +1 dagger of venom.
You die...

##########
####.......##
#.###...†#####...
#........# ####
########...##
#......##..#####
#.####..........#
#.####...........
#.#@##.##..####.#
#.#o###.##..# #
#.###{##.##..# ##
#{{##.##...
#.#.#...##..#
##....#. ..#
#..#...# #..##.##
#..# o#


You could see an orc wizard.

Vanquished Creatures
  Ijyb (D:3)
  3 adders (D:3)
  A ribbon worm (D:3)
  A dart slug (D:2)
  5 ball pythons
  7 endoplasms
  3 giant cockroaches
  6 goblins
  7 hobgoblins
  3 jackals (D:1)
  7 kobolds
  A quokka (D:1)
  5 bats
  A frilled lizard (D:1)
  3 rats
54 creatures vanquished.

Notes
Turn   | Place    | Note
-------+----------+-------------------------------------------
     0 | D:1      | hikkokomori the Formicid Fighter began the quest for the
                  | Orb.
     0 | D:1      | Reached XP level 1. HP: 18/18 MP: 1/1
    22 | D:1      | Found Eroylays's Jewellery Shoppe.
   134 | D:1      | Reached XP level 2. HP: 24/24 MP: 2/2
   244 | D:1      | Reached XP level 3. HP: 27/29 MP: 3/3
   587 | D:2      | Found Cioguukk's Armour Shoppe.
   617 | D:2      | Found Ogyuwaav's General Store.
   941 | D:2      | Found Hidel's Book Shoppe.
   960 | D:2      | Reached XP level 4. HP: 37/37 MP: 4/4
  1143 | D:2      | Found Cuteck's Book Emporium.
  1443 | D:3      | Noticed Ijyb
  1459 | D:3      | Killed Ijyb
  1460 | D:3      | Reached skill level 1 in Shapeshifting
  1892 | D:3      | Reached XP level 5. HP: 42/42 MP: 5/5
  1962 | D:3      | Reached skill level 5 in Shields
  1963 | D:3      | HP: 2/41 [orc wizard/magic dart (7)]
  1964 | D:3      | Slain by an orc wizard

Illustrated notes

Levels and vault maps discovered:
D:1:      matt_arrival_los_fun, layout_rooms, serial_shops, nicolae_shop_stone,
          st_stairs_8, minmay_pentomino_t4
D:2:      layout_rooms, serial_shops, shop, shop, shop, shop,
          serial_co_window_serial, co_window_paths_a, co_window_paths_a,
          co_window_cross_1, co_window_paths_a, co_window_corner_a,
          co_window_paths_a, co_window_paths_a, co_window_corner_ca,
          co_window_corner_ca, co_window_paths_c, co_window_broadway_c,
          co_window_4corner_a, glass_columns_c, glass_columns_a,
          glass_columns_b, glass_columns_b
D:3:      layout_loops_ring, nemelex_spade_bored_becter,
          minmay_misc_feat_hallway, chequers_garden, minmay_crystal_water,
          uniq_ijyb

Skill      XL: |  1  2  3  4  5 |
---------------+----------------+-----
Shapeshifting  | 1 |  1.0
Fighting       | 4 |  4.1
Axes           | 3 |  3.0
Shields        | 5 |  5.0
Armour         | |  3.7
Evocations     | |  0.8

Action                     |  1- 3 |  4- 6 || total
---------------------------+-------+-------++-------
  Melee: War axe           |   123 |    69 ||   192
Ability: Dig               |       |     1 ||     1
    Use: Potion            |       |     1 ||     1
 Armour: Scale mail        |    94 |    57 ||   151
  Dodge: Dodged            |    83 |    31 ||   114
  Block: Buckler           |    34 |    19 ||    53
